 Dungeon Crawl Stone Soup version 0.25-a0-59-gf342c8b036 (webtiles) character file.

Game seed: 10453189565705667031, levelgen mode: deterministic

16 vocque the Conjurer (level 2, 0/22 HPs)
             Began as a Draconian Conjurer on Oct 28, 2019.
             Slain by a gnoll
             ... wielding a +0 spear
              (3 damage)
             ... on level 4 of the Dungeon.
             The game lasted 00:04:08 (765 turns).

vocque the Conjurer (Draconian Conjurer)             Turns: 765, Time: 00:04:08

Health: 0/22       AC:  4    Str: 10    XL:     2   Next: 37%
Magic:  5/5        EV: 12    Int: 15    God:
Gold:   0          SH:  0    Dex: 11    Spells: 4/5 levels left

rFire    . . .     SeeInvis .   a - +0 whip
rCold    . . .     Gourm    .   (no shield)
rNeg     . . .     Faith    .   (armour unavailable)
rPois    .         Spirit   .   (helmet restricted)
rElec    .         Reflect  .   (no cloak)
rCorr    .         Harm     .   (no gloves)
MR       .....                  (no boots)
Stlth    ++........             (no amulet)
HPRegen  0.07/turn              (no ring)
MPRegen  0.09/turn              (no ring)

@: no status effects
A: unfitting armour, cold-blooded, AC +4
a: no special abilities


You were on level 4 of the Dungeon.
You were not hungry.

You visited 1 branch of the dungeon, and saw 3 of its levels.

Inventory:

Hand Weapons
 a - a +0 whip (weapon)
Scrolls
 d - a scroll of teleportation {unknown}
Comestibles
 b - a ration
 c - 2 chunks of flesh


   Skills:
 + Level 0.6 Fighting
 + Level 1.7 Dodging
 + Level 1.8 Stealth
 + Level 2.0 Spellcasting
 * Level 4.5 Conjurations


You had 4 spell levels left.
You knew the following spells:

 Your Spells              Type           Power        Failure   Level  Hunger
a - Magic Dart            Conj           ###.         3%          1    #......

Your spell library contained the following spells:

 Spells                   Type           Power        Failure   Level  Hunger
 Searing Ray              Conj           ###...       5%          2    ###....
 Dazzling Spray           Conj/Hex       #.....       26%         3    ###....
 Iskenderun's Mystic Bla  Conj           ###.....     34%         4    #####..
 Force Lance              Conj/Tloc      #.......     65%         4    #####..
 Fulminant Prism          Conj/Hex       #.........   65%         4    #####..


Dungeon Overview and Level Annotations

Branches:
Dungeon (2/15)             Temple (0/1) D:4

Altars:
Fedhas

Annotations:
D:2 exclusion: goblin, Natasha


Innate Abilities, Weirdness & Mutations

Your plain brown scales are hard. (AC +4)
You cannot fit into any form of body armour.
You are cold-blooded and may be slowed by cold attacks.


Message History

The jackal bites you but does no damage.
Found a ration.
You hit the fungus.
The fungus is lightly damaged.
The jackal bites the fungus but does no damage.
The gnoll hits the fungus but does no damage.
The gnoll misses you.
The jackal bites you but does no damage.
The jackal bites the fungus.
The gnoll hits the fungus with a +0 whip.
You hit the fungus. You tail-slap the fungus.
The fungus is lightly damaged.
The jackal bites you but does no damage.
The iguana bites the plant!
The gnoll hits you from afar with a +0 spear!
* * * LOW HITPOINT WARNING * * *
The jackal bites the fungus.
The jackal completely misses you.
The gnoll hits the fungus with a +0 whip.
The gnoll hits you from afar with a +0 spear.
You die...

## #........# .#
#........# .#
#........######.#####
#.......g............
####....................
#.....$.........a..$..(.
#.............lggw......
##....#######.PPPhh......
##....### #P.P@P#.#....
..........


#PP_PP# # ... ##...........P.PPPh. #####.......l.PPP..... # #.......#####.......
# #....... #....... # ...... #......% # ### ....... You could see a worm, 2
iguanas, a worker ant, 3 gnolls and 3 jackals.

Vanquished Creatures
  A leopard gecko (D:2)
  2 giant cockroaches
  A goblin (D:1)
  A hobgoblin (D:1)
  3 jackals (D:2)
  A quokka (D:2)
  2 bats
  A kobold (D:1)
  A rat (D:1)
13 creatures vanquished.

Notes
Turn   | Place    | Note
-------+----------+-------------------------------------------
     0 | D:1      | vocque the Draconian Conjurer began the quest for the Orb.
     0 | D:1      | Reached XP level 1. HP: 14/14 MP: 3/3
   498 | D:2      | Reached XP level 2. HP: 22/22 MP: 0/5
   550 | D:2      | Noticed Natasha
   676 | D:2      | You fall into a shaft and drop 2 floors!
   685 | D:4      | Found a staircase to the Ecumenical Temple.
   755 | D:4      | Found a blossoming altar of Fedhas.
   765 | D:4      | Slain by a gnoll

Levels and vault maps discovered:
D:1:      ncdulo_smallfort, layout_basic
D:2:      layout_loops_ring, uniq_natasha
D:4:      layout_basic, led_sif_pool, minmay_temple_entry_large_hall,
          fedhas_altar_3

Action                   || total
-------------------------++-------
Melee: Whip              ||    17
       Tailslap          ||     3
 Cast: Magic Dart        ||    25
Armor: Skin              ||    14
Dodge: Dodged            ||    24

Table legend:
 A = Non-vault XP
 B = Vault XP
 C = Vault XP percentage of total XP
 D = Non-vault monster count
 E = Vault monster count
 F = Vault count percentage of total count
                 A         B        C        D         E       F
            +---------+---------+-------+---------+---------+-------
      Total |      23 |       0 |   0.0 |      13 |       0 |   0.0
            +---------+---------+-------+---------+---------+-------
        D:1 |       9 |       0 |   0.0 |       6 |       0 |   0.0
        D:2 |      14 |       0 |   0.0 |       7 |       0 |   0.0
            +---------+---------+-------+---------+---------+-------
